 Dungeon Crawl Stone Soup version 0.30-a0-4-ga7cffc901d (webtiles) character file.

Game seed: 16048275798110542191

125 Setbun the Ducker (level 4, -12/24 HPs)
             Began as a Spriggan Berserker on Aug 20, 2022.
             Was a Believer of Trog.
             Killed by divine providence
             ... invoked by an orc priest
              (17 damage)
             ... on level 3 of the Dungeon.
             The game lasted 00:02:53 (3290 turns).

Setbun the Ducker (Spriggan Berserker)              Turns: 3290, Time: 00:02:53

Health: -12/24     AC:  2    Str: 13    XL:     4   Next: 82%
Magic:  5/5        EV: 19    Int:  8    God:    Trog [**....]
Gold:   142        SH:  0    Dex: 16    Spells: 3/3 levels left

rFire   . . .      SeeInvis +    d - +0 dagger (venom)
rCold   . . .      Faith    .    (no shield)
rNeg    . . .      Spirit   .    b - +0 animal skin
rPois   +          Reflect  .    (helmet restricted)
rElec   .          Harm     .    (no cloak)
rCorr   .          Rampage  .    (gloves unavailable)
Will    ++...                    (boots unavailable)
Stlth   ++........               (no amulet)
HPRegen 1.08/turn                q - ring of poison resistance
MPRegen 0.09/turn                (no ring)

@: strong-willed, on berserk cooldown, regenerating, very quick
A: very small, no large weapons, unfitting armour, see invisible, speed 3
a: Renounce Religion, Berserk, Trog's Hand


You were on level 3 of the Dungeon.
You worshipped Trog.
Trog was pleased with you.
You visited 1 branch of the dungeon, and saw 3 of its levels.

You collected 142 gold pieces.

Inventory:

Hand Weapons
 a - a +0 short sword
 d - a +0 dagger of venom (weapon)
Armour
 b - a +0 animal skin (worn)
Jewellery
 g - a ring of protection from cold
 q - a ring of poison resistance (left hand)
Wands
 s - a wand of quicksilver (5)
Scrolls
 e - a scroll of blinking {unknown}
 f - a scroll of teleportation {unknown}
 i - a scroll of vulnerability {unknown}
 l - a scroll of summoning {unknown}
 o - 2 scrolls of identify {unknown}
 p - a scroll of immolation {unknown}
Potions
 c - 2 potions of invisibility {unknown}
 h - 3 potions of curing {unknown}
 j - a potion of lignification {unknown}
 k - 2 potions of resistance {unknown}
 m - 2 potions of attraction {unknown}
 n - a potion of heal wounds {unknown}
 r - a potion of might {unknown}


   Skills:
 + Level 3.0 Fighting
 * Level 4.6 Short Blades
 + Level 4.8 Dodging
 + Level 3.0 Stealth


You had 3 spell levels left.
You didn't know any spells.
Your spell library was empty.

Dungeon Overview and Level Annotations

Branches:
Dungeon (3/15)

Altars:


Innate Abilities, Weirdness & Mutations

You are very small and have problems with some larger weapons.
You are too small for most types of armour.
You have supernaturally acute eyesight. (SInv)
You cover ground extremely quickly. (Speed+++)


Message History

Trog accepts your kill.
The orc priest calls down the wrath of Beogh upon you.
Pain shoots through your body!
* * * LOW HITPOINT WARNING * * *
The quokka barely misses you. The quokka attacks as you move away!
The quokka barely misses you. The quokka bites you.
* * * LOW HITPOINT WARNING * * *
Found a stone.
The quokka bites you.
* * * LOW HITPOINT WARNING * * *
You see here a stone.
The quokka attacks as you move away! The quokka misses you.
The quokka attacks as you move away! The quokka barely misses you.
Found 7 gold pieces.
Found a scroll labelled BUIDOA WISE.
Found a fizzy grey potion.
You hear the slow rusting of a distant drain.
You see here a scroll labelled BUIDOA WISE.
The quokka attacks as you move away! The quokka bites you.
* * * LOW HITPOINT WARNING * * *
The quokka misses you. The quokka attacks as you move away!
The quokka misses you.
You see here a fizzy grey potion.
The quokka attacks as you move away! The quokka barely misses you.
Your skin crawls.
You feel strong-willed. The quokka misses you. The quokka barely misses you.
You hit the quokka.
The quokka is poisoned.
The quokka is moderately wounded.
The quokka completely misses you.
You hit the quokka but do no damage.
The quokka is moderately wounded.
You feel yourself speed up. The quokka misses you. The quokka bites you.
* * * LOW HITPOINT WARNING * * *
The orc priest invokes the aid of Beogh against you.
Beogh smites you!
Ouch! That really hurt!
You die...

.#.. .#.. ... #.# #..
###### .....####..
#..r.# ............
#.##.###..............
#.o!.@................
#..#.###......../.....
#.##.######## ##....o.
#....#......####......
###..?.####.##........
##...#... ##.#......
#...#$# #....#####
#.#...####..#......
#...#....####......


You could see an orc priest and a quokka (very poisoned).

Vanquished Creatures
  Crazy Yiuf (D:2)
  An orc wizard (D:3)
  An adder (D:2)
  2 worms (D:2)
  A dart slug (D:2)
  An orc (D:3)
  4 ball pythons (D:2)
  7 endoplasms
  2 giant cockroaches
  4 goblins
  7 hobgoblins
  2 jackals (D:3)
  3 quokkas
  4 bats
  3 frilled lizards (D:2)
  4 kobolds
  5 rats
52 creatures vanquished.

Notes
Turn   | Place    | Note
-------+----------+-------------------------------------------
     0 | D:1      | Setbun the Spriggan Berserker began the quest for the Orb.
     0 | D:1      | Reached XP level 1. HP: 11/11 MP: 2/2
   542 | D:1      | Reached skill level 1 in Stealth
   542 | D:1      | Reached XP level 2. HP: 6/16 MP: 3/3
  1472 | D:2      | Found a faded altar of an unknown god.
  1630 | D:2      | Reached XP level 3. HP: 17/19 MP: 4/4
  1842 | D:2      | Reached ** piety under Trog
  2860 | D:2      | Found a runed translucent door.
  2861 | D:2      | Noticed Crazy Yiuf
  2921 | D:2      | Killed Crazy Yiuf
  2922 | D:2      | Reached XP level 4. HP: 21/23 MP: 5/5
  3101 | D:3      | Identified the +0 scale mail of Plasticity {MP+9 Str+4
                  | Dex-3}
  3290 | D:3      | Killed from afar by an orc priest

Illustrated notes

Levels and vault maps discovered:
D:1:      psy_arrival_fountain, layout_basic
D:2:      cheibrodos_greedy_goblins, layout_basic,
          nicolae_ecumenical_snake_handling, mrwooster_statue_mirror,
          solitary_fountain, minmay_tetromino_s4, uniq_crazy_yiuf_cottage
D:3:      layout_basic, gup_sewer_entry_spiral, grunt_ministairs_3

Skill      XL: |  1  2  3  4 |
---------------+-------------+-----
Stealth        | 1 2 3 |  3.0
Short Blades   | 4 |  4.6
Fighting       | 3 |  3.0
Dodging        | |  4.8

Action                   |  1- 3 |  4- 6 || total
-------------------------+-------+-------++-------
Melee: Short sword       |    21 |       ||    21
       Dagger            |   119 |    33 ||   152
Invok: Berserk           |     2 |     1 ||     3
       Trog's Hand       |       |     1 ||     1
 Stab: Sleeping          |     7 |     1 ||     8
       Invisible         |     1 |       ||     1
Armor: Animal skin       |     9 |     2 ||    11
Dodge: Dodged            |    90 |    45 ||   135

Table legend: (Time is in decaauts)
 A = Elapsed time spent in this place.
 B = Non-inter-level travel time spent in this place.
 C = Inter-level travel time spent in this place.
 D = Time resting spent in this place.
 E = Time spent auto-exploring this place.
 F = Levels seen in this place.
 G = Mean time per level.
                   A        B        C        D        E       F      G
               +--------+--------+--------+--------+--------+-----+--------+
         Total |   2643 |   2600 |     43 |    849 |   1428 |   3 |  881.0 |
       Dungeon |   2643 |   2600 |     43 |    849 |   1428 |   3 |  881.0 |
               +--------+--------+--------+--------+--------+-----+--------+

Top non-repeatable levels by time:
     D:2: 1321 daAuts
     D:1: 1158 daAuts
     D:3: 164 daAuts
